 Dungeon Crawl Stone Soup version 0.27-a0-1149-g4505690ab0 (webtiles) character file.

Game seed: 5839434726274607273

109 robertstho the Magician (level 5, -13/35 HPs)
             Began as a Djinni Conjurer on May 12, 2021.
             Was an Initiate of Gozag.
             Mangled by Crazy Yiuf
             ... wielding a +2 quarterstaff of chaos
              (17 damage)
             ... on level 3 of the Dungeon.
             The game lasted 00:03:20 (2350 turns).

robertstho the Magician (Djinni Conjurer)           Turns: 2350, Time: 00:03:21

Health: -13/35     AC:  2    Str:  6    XL:     5   Next: 13%
Gold:   105        EV: 12    Int: 21    God:    Gozag SH:  0 Dex: 11

rFire    + + .     SeeInvis .   g - +0 dagger
rCold    x . .     Faith    .   (no shield)
rNeg     . . .     Spirit   .   a - +0 robe
rPois    ∞         Reflect  .   (no helmet)
rElec    .         Harm     .   (no cloak)
rCorr    .         Rampage  .   (no gloves)
Will     .....                  (boots unavailable)
Stlth    ++........             h - amulet of regeneration
HPRegen  1.11/turn              (no ring)
MPRegen  0.00/turn              (no ring)

@: flying, very slightly contaminated, invisible
A: sickness immunity, fire resistance 2, cold vulnerability 1, float, innate
caster, hp casting, extra vitality 1
a: Renounce Religion, Potion Petition, Call Merchant, Bribe Branch


You were on level 3 of the Dungeon.
You worshipped Gozag.
Gozag was aware of your devotion.
You visited 1 branch of the dungeon, and saw 3 of its levels.

You collected 139 gold pieces.
You paid 34 gold pieces to Gozag.

Inventory:

Hand Weapons
 g - a +0 dagger (weapon)
Armour
 a - a +0 robe (worn)
Jewellery
 h - an amulet of regeneration (around neck)
 l - an amulet of magic regeneration
Scrolls
 d - a scroll of brand weapon {unknown}
 e - 2 scrolls of identify {unknown}
 j - a scroll of summoning {unknown}
 k - a scroll of teleportation {unknown}
Potions
 b - 2 potions of curing {unknown}
 c - a potion of degeneration {unknown}
 f - a potion of resistance {unknown}
 i - a potion of lignification {unknown}
 m - a potion of magic {unknown}


   Skills:
 + Level 2.2 Dodging
 + Level 1.7 Stealth
 + Level 4.7 Spellcasting


You couldn't memorise any spells.
You knew the following spells:

 Your Spells              Type           Power      Damage    Failure   Level
a - Magic Dart            Conj           96%        1d7       1%          1
b - Searing Ray           Conj           48%        3d5       2%          2
c - Dazzling Flash        Conj/Hex       48%        N/A       4%          3
d - Fulminant Prism       Conj/Hex       12%        3d9       16%         4
e - Iskenderun's Mystic   Conj/Tloc      24%        2d7       16%         4
f - Freeze                Ice            96%        1d11      1%          1
g - Slow                  Hex            24%        N/A       2%          2
Your spell library was empty.

Dungeon Overview and Level Annotations

Branches:
Dungeon (3/15)

Altars:
Elyvilon
Gozag
The Shining One

Annotations:
D:3 Crazy Yiuf


Innate Abilities, Weirdness & Mutations

You are immune to sickness and miasma.
You are immune to poison.
Your flesh is very heat resistant. (rF++)
You are vulnerable to cold. (rC-)
You float through the air rather than walking.
You learn spells naturally, not from books.
Your magical power is your life essence.
You have superior vitality. (+4 HP)


Message History

There is an open door here.
There is an open door here.
You reach down and open the door.
There is an open door here.
There is an open door here.
You now have 90 gold pieces (gained 16).
You now have 105 gold pieces (gained 15).
Key pressed, stopping explore.
Found an escape hatch in the floor.
You see here an adder skeleton.
Things that are here:
a +0 mace; a +0 ring mail; an orc skeleton Crazy Yiuf shouts!
Crazy Yiuf waves his quarterstaff at you.
Key pressed, stopping explore.
Could not explore, unopened runed door.
Could not explore, unopened runed door.
Could not explore, unopened runed door.
You reach down and open the door.
Casting: Magic Dart (safe; 1% risk of failure)
Confirm with . or Enter, or press ? or * to list all spells.
Aiming: Searing Ray (safe; 2% risk of failure)
Press: ? - help, Shift-Dir - straight line, f - Crazy Yiuf
Aim: Crazy Yiuf, wielding a +2 quarterstaff of chaos, wearing a +0 cloak and carrying a wand of flame (14) (82% to hit)
The searing ray hits Crazy Yiuf.
Crazy Yiuf is lightly wounded. (Press . to maintain the ray.) Crazy Yiuf hits you with a +2 quarterstaff of chaos!
The searing ray hits Crazy Yiuf.
Crazy Yiuf is moderately wounded.
Crazy Yiuf hits you with a +2 quarterstaff of chaos!
* * * LOW HITPOINT WARNING * * *
You fade into invisibility!
You are very lightly contaminated with residual magic.
Unknown command.
The searing ray misses Crazy Yiuf.
* * * LOW HITPOINT WARNING * * *
Crazy Yiuf hits you with a +2 quarterstaff of chaos!
You die...
Your body crumbles into a pile of gold.

.............#
.........#.###
...........#
...........#
#####
...........#
#)..#
...........#
#...#
.....##....#
...
.....##....#
#g#
.....##....#
♣@♣♣
.....##....#
♣♣.♣
....###....#
♣.♣♣
...........#
♣♣.♣
...........#
♣♣.♣♣
...........#
♣♣...♣
...........#
♣.♣..♣
....#####..#
##..## #####
##.####....#


You could see Crazy Yiuf.

Vanquished Creatures
  A scorpion zombie (D:3)
  3 adders
  A worm (D:3)
  3 orcs (D:3)
  5 endoplasms
  3 giant cockroaches
  7 goblins
  A hobgoblin (D:1)
  7 quokkas
  2 ball pythons (D:2)
  3 bats
  3 frilled lizards (D:1)
  6 kobolds
  5 rats
50 creatures vanquished.

Notes
Turn   | Place    | Note
-------+----------+-------------------------------------------
     0 | D:1      | robertstho the Djinni Conjurer began the quest for the Orb.
     0 | D:1      | Reached XP level 1. HP: 15/15 MP: 0/0
   349 | D:1      | Reached XP level 2. HP: 17/21 MP: 0/0
  1329 | D:2      | Reached XP level 3. HP: 25/25 MP: 0/0
  1329 | D:2      | Learned a level 1 spell: Freeze
  1459 | D:2      | Found a faded altar of an unknown god.
  1592 | D:2      | Reached skill level 4 in Spellcasting
  1815 | D:3      | Reached XP level 4. HP: 29/31 MP: 0/0
  1936 | D:3      | Found a runed translucent door.
  1937 | D:3      | Noticed Crazy Yiuf
  2100 | D:3      | Reached XP level 5. HP: 31/35 MP: 0/0
  2100 | D:3      | Learned a level 2 spell: Slow
  2104 | D:3      | Found an opulent altar of Gozag.
  2105 | D:3      | Found a white marble altar of Elyvilon.
  2106 | D:3      | Found a glowing golden altar of the Shining One.
  2112 | D:3      | Became a worshipper of Gozag Ym Sagoz the Greedy
  2350 | D:3      | Mangled by Crazy Yiuf

Illustrated notes

Levels and vault maps discovered:
D:1:      lightli_arrival_isolated_outpost, layout_basic,
          minmay_misc_feat_enclosed, minmay_pentomino_q4
D:2:      layout_rooms, hellmonk_ecumenical_altar_blasted, item_on_display_a
D:3:      layout_basic, chequers_temple_overflow_statue_of_worship,
          uniq_crazy_yiuf_cottage

Skill      XL: |  1  2  3 |
---------------+----------+-----
Spellcasting   | 4 |  4.7
Dodging        | |  2.2
Stealth        | |  1.7

Action                   |  1- 3 |  4- 6 || total
-------------------------+-------+-------++-------
 Cast: Magic Dart        |    77 |    20 ||    97
       Searing Ray       |       |     9 ||     9
Armor: Robe              |     3 |     1 ||     4
Dodge: Dodged            |     8 |     5 ||    13

Table legend: (Time is in decaauts)
 A = Elapsed time spent in this place.
 B = Non-inter-level travel time spent in this place.
 C = Inter-level travel time spent in this place.
 D = Time resting spent in this place.
 E = Time spent auto-exploring this place.
 F = Levels seen in this place.
 G = Mean time per level.
                   A        B        C        D        E       F      G
               +--------+--------+--------+--------+--------+-----+--------+
         Total |   2349 |   2278 |     71 |      0 |   2041 |   3 |  783.0 |
       Dungeon |   2349 |   2278 |     71 |      0 |   2041 |   3 |  783.0 |
               +--------+--------+--------+--------+--------+-----+--------+

Top non-repeatable levels by time:
     D:1: 1200 daAuts
     D:3: 596 daAuts
     D:2: 552 daAuts
